 Dungeon Crawl Stone Soup version 0.14-a0-987-gc8002fa (webtiles) character file.

1564 PolkaDot the Ruinous (level 8, -11/52 HPs)
             Began as a Vampire Conjurer on Nov 21, 2013.
             Was a Believer of Vehumet.
             Killed from afar by Inkie's ghost (27 damage)
             ... with a blast of rock fragments
             ... on Level 6 of the Dungeon.
             The game lasted 00:25:34 (5833 turns).

PolkaDot the Ruinous (Vampire Conjurer)             Turns: 5833, Time: 00:25:34

HP -11/52        AC  3     Str  7      XL: 8   Next: 31%
MP  32/36        EV 12     Int 19      God: Vehumet [**....]
Gold 262         SH  0     Dex 14      Spells:  5 memorised,  3 levels left

Res.Fire  : . . .   See Invis. : +   o - +0 spear (curse)
Res.Cold  : . . .   Warding    : .   a - +1 robe
Life Prot.: . . .   Conserve   : .   (no shield)
Res.Poison: .       Res.Corr.  : .   (no helmet)
Res.Elec. : .       Clarity    : .   (no cloak)
Sust.Abil.: . .     Spirit.Shd : .   (no gloves)
Res.Mut.  : .       Stasis     : .   (no boots)
Res.Rott. : .       Flight     : .   f - cursed amulet of faith
Saprovore : . . .                    u - cursed ring of magical power
                                     t - ring of magical power

@: regenerating quickly, somewhat resistant to hostile enchantments, stealthy
A: bottle blood, fangs 3, see invisible, unbreathing
a: Bottle Blood, Renounce Religion


You were on level 6 of the Dungeon.
You worshipped Vehumet.
Vehumet was pleased with you.
You were very full.

You visited 2 branches of the dungeon, and saw 7 of its levels.

You collected 262 gold pieces.

Inventory:

Hand weapons
 g - a +1,+2 orcish whip of venom
 k - a +0,+1 spear of venom
 o - a cursed +0,+0 spear (weapon)
Armour
 a - a +1 robe (worn)
Magical devices
 x - a wand of confusion (14) {unknown}
Scrolls
 l - a scroll of enchant armour
 v - 2 scrolls of identify
Jewellery
 f - a cursed amulet of faith (around neck)
 h - an uncursed amulet of conservation {unknown}
 t - a ring of magical power (left hand)
 u - a cursed ring of magical power (right hand)
Potions
 b - 2 potions of agility {unknown}
 d - a potion of restore abilities
 e - a potion of invisibility
 i - 2 potions of speed {unknown}
 j - a potion of degeneration {unknown}
 m - 2 potions of might
 n - a potion of poison {unknown}
 p - 3 potions of heal wounds {unknown}
 q - a potion of resistance {unknown}
 r - 2 potions of cure mutation {unknown}
 s - a potion of confusion {unknown}
 w - 2 potions of curing {unknown}
Books
 c - a book of Conjurations

   Spells                             Type                      Level
   *Magic Dart                        Conjuration                  1
   *Searing Ray                       Conjuration                  2
   Dazzling Spray                     Conjuration/Hexes            3
   *Iskenderun's Mystic Blast         Conjuration                  4
   *Iskenderun's Battlesphere         Conjuration/Charms           4
   Fulminant Prism                    Conjuration/Hexes            5


   Skills:
 - Level 2.1 Dodging
 - Level 3.0 Stealth
 + Level 4.3 Spellcasting
 + Level 6.4 Conjurations
 + Level 3.2 Charms
 * Level 3.5 Air Magic


You had 3 spell levels left.
You knew the following spells:

 Your Spells              Type           Power        Failure   Level  Hunger
a - Magic Dart            Conj           ####         1%          1    None
d - Iskenderun's Mystic   Conj           ####....     12%         4    ####...
s - Searing Ray           Conj           ####..       1%          2    #......
z - Iskenderun's Battles  Conj/Chrm      ###.....     21%         4    ####...
A - Shock                 Conj/Air       ###.         1%          1    None


Dungeon Overview and Level Annotations

Branches:
Dungeon (6/16)             Temple (1/1) D:4

Altars:
Elyvilon
Kikubaaqudgha
Makhleb
Okawaru
Vehumet

Annotations:
D:6 Inkie's ghost, experienced GrEE


Innate Abilities, Weirdness & Mutations

Your natural rate of healing is unusually fast.
You can bottle blood from corpses.
You have razor-sharp teeth.*
You have supernaturally acute eyesight.
You can survive without breathing.*


Message History

The centaur shoots an arrow.
Helpless, you fail to dodge the arrow. Inkie's ghost hits you.
The centaur shoots an arrow.
Helpless, you fail to dodge the arrow.
You turn to flesh and can move again.
Read which item? (? for menu, Esc to quit)
As you read the scroll labeled RAMAPI MAWNUIN, it crumbles to dust.
Your ring of magical power glows black for a moment.
It was a scroll of curse jewellery.
The centaur shoots an arrow.
The arrow misses you.
Inkie's ghost hits you but does no damage.
Drink which item? (? for menu, Esc to quit)
Okay, then.
The centaur shoots an arrow.
The arrow hits you! Inkie's ghost closely misses you.
The centaur shoots an arrow.
The arrow hits you!
You see here 2 arrows.
Inkie's ghost casts a spell.
The wall shatters!
The blast of rock fragments hits you!
Ouch! That really hurt!
You die...

.................# #.#
#####......c.....# #.# #
#............# #.# #
#............# #.# #
#............# #.#
#####............#####...
......##########(p.......
......# ##(#####...
......# #.@# ......# ##.#
[.....# #.# ......# #.#
......# #.# ####### ###


You could see Inkie's ghost.

Vanquished Creatures
  Menkaure (D:4)
  A phantom (D:4)
  An ice beast (D:6)
  A sky beast (D:5)
  2 ogres
  A centaur (D:6)
  2 giant frogs (D:6)
  A hound (D:5)
  A centaur zombie (D:5)
  A giant frog skeleton (D:6)
  6 orc wizards
  4 worker ants
  5 adders
  4 gnolls (D:4)
  An adder skeleton (D:5)
  A giant eyeball (D:5)
  An ooze (D:5)
  10 orcs
  A bat skeleton (D:5)
  12 goblins
  12 hobgoblins
  8 jackals
  2 quokkas
  A ball python (D:2)
  15 bats
  4 giant cockroaches
  4 giant geckos
  4 giant newts
  5 kobolds
  14 rats
126 creatures vanquished.

Notes
Turn   | Place    | Note
--------------------------------------------------------------
     0 | D:1      | PolkaDot, the Vampire Conjurer, began the quest for the Orb.
     0 | D:1      | Reached XP level 1. HP: 13/13 MP: 4/4
   205 | D:1      | Reached XP level 2. HP: 16/19 MP: 2/5
  1108 | D:2      | Learned a level 2 spell: Searing Ray
  1296 | D:2      | Reached XP level 3. HP: 24/24 MP: 1/6
  1770 | D:2      | Reached skill level 4 in Conjurations
  2195 | D:3      | Reached XP level 4. HP: 16/30 MP: 5/8
  2747 | D:3      | Found an iron altar of Okawaru.
  2748 | D:3      | Found a burning altar of Makhleb.
  3518 | D:4      | Reached XP level 5. HP: 22/35 MP: 10/10
  3559 | D:4      | Noticed Menkaure
  3568 | D:4      | Killed Menkaure
  3568 | D:4      | Reached skill level 5 in Conjurations
  3568 | D:4      | Reached XP level 6. HP: 39/41 MP: 12/12
  3738 | D:4      | Noticed a phantom
  3766 | D:4      | Killed a phantom
  3786 | D:4      | Learned a level 4 spell: Iskenderun's Battlesphere
  3791 | D:4      | Learned a level 4 spell: Iskenderun's Mystic Blast
  3827 | D:4      | Found a staircase to the Ecumenical Temple.
  3833 | Temple   | Entered the Ecumenical Temple
  3842 | Temple   | Became a worshipper of Vehumet
  3843 | Temple   | Upgraded the game from 0.14-a0-953-g9e7f188 to 0.14-a0-987-gc8002fa
  4064 | D:4      | Reached XP level 7. HP: 46/46 MP: 15/15
  4071 | D:4      | Reached skill level 1 in Charms
  4239 | D:5      | Entered Level 5 of the Dungeon
  4434 | D:5      | Reached skill level 6 in Conjurations
  4500 | D:5      | Acquired Vehumet's first power
  4500 | D:5      | Offered knowledge of Shock by Vehumet.
  4602 | D:5      | Learned a level 1 spell: Shock
  4621 | D:5      | Found a white marble altar of Elyvilon.
  4685 | D:5      | Reached skill level 1 in Air Magic
  5480 | D:6      | Reached XP level 8. HP: 52/52 MP: 18/18
  5651 | D:6      | Offered knowledge of Sting by Vehumet.
  5816 | D:6      | Noticed Inkie's ghost (experienced GrEE)
  5833 | D:6      | Killed from afar by Inkie's ghost

Action                   |  1- 3 |  4- 6 |  7- 9 || total
-------------------------+-------+-------+-------++-------
Melee: Unarmed           |    12 |       |       ||    12
       Spear             |    26 |    34 |    27 ||    87
 Cast: Magic Dart        |    69 |    44 |    25 ||   138
       Searing Ray       |     4 |    17 |    24 ||    45
       Iskenderun's Myst |       |       |     3 ||     3
       Iskenderun's Batt |       |       |     1 ||     1
  Use: Potion            |     3 |     1 |       ||     4
       Scroll            |       |    11 |     2 ||    13
 Stab: Sleeping          |       |     2 |     2 ||     4
